 Dungeon Crawl Stone Soup version 0.23.2-33-g5129a83184 (webtiles) character file.

Game seed: 14671196096682649972

109 Revguard the Ducker (level 4, -2/45 HPs)
             Began as an Ogre Skald on July 29, 2019.
             Killed from afar by Natasha (7 damage)
             ... with a magic dart
             ... on level 2 of the Dungeon.
             The game lasted 00:04:53 (1805 turns).

Revguard the Ducker (Ogre Skald)                    Turns: 1805, Time: 00:04:54

Health: -2/45      AC:  4    Str: 15    XL:     4   Next: 89%
Magic:  8/9        EV: 10    Int: 16    God:
Gold:   117        SH:  0    Dex:  7    Spells: 2/8 levels left

rFire    . . .     SeeInvis .   a - +0 mace
rCold    + . .     Gourm    .   (no shield)
rNeg     + . .     Faith    .   b - +0 robe
rPois    .         Spirit   .   (helmet restricted)
rElec    .         Reflect  .   i - +0 cloak
rCorr    .         Harm     +   (gloves unavailable)
MR       .....                  (boots unavailable)
Stlth    +.........             h - amulet of harm
HPRegen  0.15/turn              e - ring of positive energy
MPRegen  0.11/turn              (no ring)

@: infused (expiring)
A: large, unfitting armour, clever 1, clumsy 1, cold resistance 1, high mp 1,
tough skin 1
a: no special abilities


You were on level 2 of the Dungeon.
You were not hungry.

You visited 1 branch of the dungeon, and saw 2 of its levels.

You collected 117 gold pieces.

Inventory:

Hand Weapons
 a - a +0 mace (weapon)
Armour
 b - a +0 robe (worn)
 i - a +0 cloak (worn)
Jewellery
 e - a ring of positive energy (left hand)
 h - an amulet of harm (around neck)
Scrolls
 c - a scroll of enchant armour {unknown}
 f - a scroll of immolation {unknown}
 k - a scroll of amnesia {unknown}
Potions
 g - a potion of cancellation
Comestibles
 d - 4 rations


   Skills:
 + Level 3.2 Fighting
 + Level 2.6 Maces & Flails
 * Level 3.3 Dodging
 + Level 2.8 Spellcasting
 + Level 3.1 Charms


You had 2 spell levels left.
You knew the following spells:

 Your Spells              Type           Power        Failure   Level  Hunger
a - Infusion              Chrm           ##..         5%          1    #......
b - Song of Slaying       Chrm           ##......     8%          2    ##.....
c - Regeneration          Chrm/Necr      #.........   30%         3    ###....

Your spell library contained the following spells:

 Spells                   Type           Power        Failure   Level  Hunger
 Shroud of Golubria       Chrm/Tloc      #.........   16%         2    ##.....
 Spectral Weapon          Hex/Chrm       #.......     30%         3    ###....


Dungeon Overview and Level Annotations

Branches:
Dungeon (2/15)

Altars:

Annotations:
D:2 Natasha


Innate Abilities, Weirdness & Mutations

You are too large for most types of armour.
You have tough skin. (AC +1)
Your mind is acute. (Int +2)
You are clumsy. (Dex -2)
Your flesh is cold resistant. (rC+)
You have an increased reservoir of magic. (+10% MP)


Message History

You're too confused to move!
Natasha barely misses you. Natasha casts a spell at you.
The magic dart hits you.
* * * LOW HITPOINT WARNING * * *
You see here 2 stones.
You barely miss Natasha.
Natasha is moderately wounded.
Your magical infusion is running out.
Natasha zaps a wand.
The puff of flame hits you.
* * * LOW HITPOINT WARNING * * *
You feel less invigorated.
You feel less confused. Natasha claws you!
* * * LOW HITPOINT WARNING * * *
You hit Natasha.
Natasha is severely wounded.
Natasha hisses.
Natasha stares at you and mumbles some strange words.
The magic dart hits you.
You die...

#.##########...# #####
#.#.......##...#####.[.#####
##.#..............##.###..†..
#####....................# #.####
.....†)...............##.###.#
.####..........##.......#...#####
.## ##.#.......##...###.##### #..
..####.#.).....##h.## #.# ###.#
....<..####.....@(.# #.. ......
....##### ########.# ..## ####.#
..#.....#########..#.##.# #.#
....###......[.......##.# #.#
.#.## ###########.##.##.# #.#
<#.# #.##.##.# #[# ##.# #.##.##.#
#.. #.# #.##.##.# #.. #.#
#.##.##.## #..


You could see Natasha.

Vanquished Creatures
  Natasha (D:2)
  A gnoll (D:1)
  4 adders (D:2)
  A giant cockroach (D:1)
  9 goblins
  3 hobgoblins
  9 kobolds
  7 bats
  2 frilled lizards
  3 rats
40 creatures vanquished.

Notes
Turn   | Place    | Note
-------+----------+-------------------------------------------
     0 | D:1      | Revguard the Ogre Skald began the quest for the Orb.
     0 | D:1      | Reached XP level 1. HP: 22/22 MP: 3/3
   288 | D:1      | Reached XP level 2. HP: 12/29 MP: 0/5
   295 | D:1      | Learned a level 2 spell: Song of Slaying
   781 | D:1      | Reached XP level 3. HP: 29/37 MP: 6/6
   812 | D:1      | Learned a level 3 spell: Regeneration
  1191 | D:2      | Reached XP level 4. HP: 38/45 MP: 4/8
  1600 | D:2      | Noticed Natasha
  1605 | D:2      | Killed Natasha
  1627 | D:2      | Gained mutation: Your mind is acute. (Int +2) [potion of
                  | mutation]
  1627 | D:2      | Gained mutation: You are clumsy. (Dex -2) [potion of
                  | mutation]
  1627 | D:2      | Gained mutation: You have an increased reservoir of magic.
                  | (+10% MP) [potion of mutation]
  1627 | D:2      | Gained mutation: Your flesh is cold resistant. (rC+)
                  | [potion of mutation]
  1790 | D:2      | Noticed Natasha
  1805 | D:2      | Killed from afar by Natasha

Skill      XL: |  1  2  3  4 |
---------------+-------------+-----
Charms         | 3 |  3.1
Maces & Flails | 2 |  2.6
Fighting       | 3 |  3.2
Dodging        | 3 |  3.3
Spellcasting   | |  2.8

Action                   |  1- 3 |  4- 6 || total
-------------------------+-------+-------++-------
Melee: Mace              |    90 |    52 ||   142
 Cast: Infusion          |     4 |     3 ||     7
  Use: Scroll            |     2 |     1 ||     3
       Potion            |     1 |     3 ||     4
  Eat: Chunk             |       |     3 ||     3
Armor: Robe              |    33 |    11 ||    44
Dodge: Dodged            |    52 |    31 ||    83
